 Dungeon Crawl Stone Soup version 0.26-a0-257-g47e9e61525 (webtiles) character file.

Game seed: 4277385896166764115

3000 Infinimo the Digger (level 9, -11/68 HPs)
             Began as a Mummy Earth Elementalist on July 10, 2020.
             Was an Initiate of Gozag.
             Killed from afar by an electric eel (12 damage)
             ... with a bolt of electricity
             ... on level 9 of the Dungeon.
             The game lasted 00:16:57 (13987 turns).

Infinimo the Digger (Mummy Earth Elementalist)     Turns: 13987, Time: 00:16:58

Health: -11/68     AC:  2    Str: 11    XL:     9   Next: 54%
Magic:  13/19      EV: 12    Int: 17    God:    Gozag
Gold:   299        SH:  0    Dex: 19    Spells: 9/22 levels left

rFire    x . .     SeeInvis .   b - +3 dagger (venom)
rCold    + . .     Faith    .   (no shield)
rNeg     + + +     Spirit   .   a - +0 robe (curse)
rPois    ∞         Reflect  .   (no helmet)
rElec    .         Harm     .   (no cloak)
rCorr    .                      (no gloves)
MR       +....                  (no boots)
Stlth    ++........             (no amulet)
HPRegen  0.21/turn              d - +6 ring of dexterity
MPRegen  0.16/turn              (no ring)

@: no status effects
A: no food or potions, fire vulnerability, cold resistance 1, negative energy
resistance 3, torment resistance, unbreathing
a: Potion Petition, Call Merchant, Bribe Branch, Renounce Religion


You were on level 9 of the Dungeon.
You worshipped Gozag.
Gozag was aware of your devotion.
You were not hungry.

You visited 2 branches of the dungeon, and saw 10 of its levels.

You collected 494 gold pieces.
You spent 24 gold pieces at shops.
You paid 171 gold pieces to Gozag.

Inventory:

Hand Weapons
 b - a +3 dagger of venom (weapon)
Missiles
 i - 2 stones (quivered)
Armour
 a - a cursed +0 robe (worn)
Jewellery
 d - a +6 ring of dexterity (left hand)
Wands
 e - a wand of acid (6)
 f - a wand of digging (8)
 l - a wand of iceblast (8)
Scrolls
 c - a scroll of remove curse
 g - 7 scrolls of identify
 h - a scroll of acquirement {unknown}
 k - a scroll of enchant weapon


   Skills:
 + Level 5.3 Fighting
 - Level 1.5 Dodging
 - Level 1.5 Stealth
 + Level 7.1 Spellcasting
 * Level 6.0 Conjurations
 - Level 0.7 Transmutations
 * Level 7.1 Earth Magic


You had 9 spell levels left.
You knew the following spells:

 Your Spells              Type           Power        Failure   Level
a - Sandblast             Erth           ####..       1%          1
b - Stone Arrow           Conj/Erth      ####..       2%          3
c - Petrify               Tmut/Erth      ###.....     22%         4
d - Lee's Rapid Deconstr  Erth           ####......   17%         5

Your spell library contained the following spells:

 Spells                   Type           Power        Failure   Level
 Magic Dart               Conj           ####         1%          1
 Searing Ray              Conj           ####..       1%          2
 Passwall                 Tmut/Erth      ###.....     3%          2
 Conjure Flame            Conj/Fire      ###.....     10%         3
 Dazzling Flash           Conj/Hex       ###...       10%         3
 Animate Skeleton         Necr           #.....       12%         1
 Apportation              Tloc           #.....       12%         1
 Corona                   Hex            #......      12%         1
 Summon Small Mammal      Summ           #...         12%         1
 Mephitic Cloud           Conj/Pois/Air  ##......     16%         3
 Blink                    Tloc           N/A          17%         2
 Call Imp                 Summ           #.......     17%         2
 Slow                     Hex            #.......     17%         2
 Fulminant Prism          Conj/Hex       ###.......   32%         4
 Iskenderun's Mystic Bla  Conj/Tloc      ###.....     32%         4


Dungeon Overview and Level Annotations

Branches:
Dungeon (9/15)             Temple (1/1) D:4
   Lair: D:8-11         Orc: D:9-12

Altars:
Ashenzari
Cheibriados
Dithmenos
Elyvilon
Fedhas
Gozag
Hepliaklqana
Kikubaaqudgha
Makhleb
Nemelex Xobeh
Okawaru
Qazlal
Ru
Sif Muna
Trog
Uskayaw
Vehumet
Xom
Yredelemnul
Zin
The Shining One

Shops:
D:8 *


Innate Abilities, Weirdness & Mutations

You do not eat or drink.
Your flesh is vulnerable to fire.
You are immune to poison.
Your flesh is cold resistant. (rC+)
You are immune to negative energy. (rN+++)
You are immune to unholy pain and torment.
You can survive without breathing.


Message History

Press: ? - help, Shift-Dir - straight line, f/p - electric eel
Aim: an electric eel The stone arrow misses the electric eel.
The electric eel shoots out a bolt of lightning at you!
The bolt of electricity hits the electric eel.
The electric eel completely resists.
The bolt of electricity hits you!
The electric eel shoots out a bolt of lightning at you!
The bolt of electricity hits you!
The electric eel shoots out a bolt of lightning at you!
The bolt of electricity hits the electric eel.
The electric eel completely resists.
The bolt of electricity hits you!
* * * LOW HITPOINT WARNING * * *
The electric eel shoots out a bolt of lightning at you!
The bolt of electricity hits you!
* * * LOW HITPOINT WARNING * * *
The electric eel shoots out a bolt of lightning at you!
The bolt of electricity hits the electric eel.
The electric eel completely resists.
The bolt of electricity hits you!
You die...
Your body crumbles into a pile of gold.

####.##.#######
.....≈≈.≈≈≈≈≈≈#
≈≈≈≈≈≈≈.≈≈≈≈≈≈#
.≈≈≈≈≈≈.≈≈≈≈≈≈#
$
.≈≈≈≈≈≈.≈≈≈≈≈≈#
...........≈≈≈#
.≈≈≈≈≈≈.≈≈.≈≈≈#
.≈≈≈≈≈≈.≈≈.≈≈≈#
≈≈≈≈≈≈≈.≈≈@≈≈≈#
≈≈≈≈≈≈≈.≈≈?≈≈≈#
≈≈≈≈≈≈≈.≈;.≈≈≈#
≈≈≈≈≈≈≈.≈≈.≈≈≈#
≈≈≈≈≈≈.≈;.≈≈≈#
≈≈≈≈≈.≈≈.≈≈≈..
≈≈≈≈≈.≈≈.≈≈≈...
≈≈≈≈≈.≈;$≈≈≈...
≈≈≈≈≈.≈≈.≈≈≈...


You could see 3 electric eels.

Vanquished Creatures
  Duvessa (D:5)
  2 orc warriors
  An ice beast (D:8)
  A phantom (D:7)
  2 ogres
  4 centaurs
  A big kobold (D:8)
  3 bullfrogs
  Dowan (D:5)
  5 scorpions
  2 howler monkeys (D:9)
  3 wights (D:8)
  A crimson imp (D:8)
  A bullfrog zombie (D:6)
  2 hounds
  3 gnoll shamans
  5 orc priests
  Crazy Yiuf (D:2)
  2 iguanas (D:5)
  A centaur skeleton (D:6)
  5 orc wizards
  7 worker ants
  3 hound skeletons
  17 gnolls
  12 adders
  A shadow imp (D:7)
  A white imp (D:5)
  2 ufetubi
  An adder skeleton (D:6)
  5 worms
  3 dart slugs
  7 leopard geckos
  30 orcs
  A ball python (D:3)
  4 bats
  7 giant cockroaches
  2 goblins
  7 hobgoblins
  8 jackals
  3 quokkas
  10 frilled lizards
  10 kobolds
  A leopard gecko skeleton (D:6)
  A quokka zombie (D:6)
  8 rats
198 creatures vanquished.

Vanquished Creatures (others)
  A centaur (D:5)
1 creature vanquished.

Grand Total: 199 creatures vanquished

Notes
Turn   | Place    | Note
-------+----------+-------------------------------------------
     0 | D:1      | Infinimo the Mummy Earth Elementalist began the quest for
                  | the Orb.
     0 | D:1      | Reached XP level 1. HP: 13/13 MP: 4/4
   452 | D:1      | Reached XP level 2. HP: 20/20 MP: 5/5
  1290 | D:1      | Reached skill level 1 in Fighting
  1290 | D:1      | Reached XP level 3. HP: 17/26 MP: 1/7
  1776 | D:2      | Reached XP level 4. HP: 30/32 MP: 9/9
  1789 | D:2      | Learned a level 3 spell: Stone Arrow
  1794 | D:2      | Learned a level 4 spell: Petrify
  2532 | D:2      | Found a runed translucent door.
  2533 | D:2      | Noticed Crazy Yiuf
  2709 | D:2      | Killed Crazy Yiuf
  2709 | D:2      | Reached skill level 1 in Conjurations
  2709 | D:2      | Reached XP level 5. HP: 38/38 MP: 8/10
  2990 | D:3      | Found a glowing golden altar of the Shining One.
  3963 | D:3      | Found a hazy altar of Hepliaklqana.
  4402 | D:4      | Reached XP level 6. HP: 29/44 MP: 12/12
  4592 | D:4      | Found a staircase to the Ecumenical Temple.
  4608 | D:4      | Found a shattered altar of Ashenzari.
  4627 | Temple   | Entered the Ecumenical Temple
  6060 | D:5      | Entered Level 5 of the Dungeon
  6086 | D:5      | Noticed Duvessa
  6090 | D:5      | Noticed Dowan
  6126 | D:5      | Killed Duvessa
  6126 | D:5      | Reached XP level 7. HP: 35/51 MP: 12/14
  6131 | D:5      | Killed Dowan
  6704 | D:5      | Reached skill level 5 in Earth Magic
  6728 | D:5      | Reached skill level 5 in Spellcasting
  7739 | D:6      | Reached XP level 8. HP: 41/59 MP: 14/16
  8841 | D:6      | Got a tattered robe
  8854 | D:6      | Identified the +3 robe "Xirom" {-Cast rPois rF+ Int+3} (You
                  | found it on level 6 of the Dungeon)
 10798 | D:7      | Found a burning altar of Makhleb.
 10916 | D:7      | Reached skill level 5 in Conjurations
 11232 | D:7      | Reached XP level 9. HP: 58/66 MP: 18/18
 12064 | D:7      | Got a crystal flail
 12065 | D:7      | Identified the +10 flail of Goovyo {antimagic, rF+ Str+7
                  | Dex+3} (You found it on level 7 of the Dungeon)
 12381 | D:8      | Found a burning altar of Makhleb.
 12381 | D:8      | Found a shimmering altar of Xom.
 12483 | D:8      | Reached skill level 5 in Fighting
 12547 | D:8      | Found Eporphyle's Assorted Antiques.
 12557 | D:8      | Bought a scroll labeled LYWKES JONIRI for 24 gold pieces
 12565 | D:8      | Learned a level 5 spell: Lee's Rapid Deconstruction
 12575 | D:8      | Found a snail-covered altar of Cheibriados.
 13150 | D:8      | Found a faded altar of an unknown god.
 13150 | D:8      | Found a shadowy altar of Dithmenos.
 13155 | D:8      | Found a bloodstained altar of Trog.
 13157 | D:8      | Found a white marble altar of Elyvilon.
 13158 | D:8      | Found a faded altar of an unknown god.
 13686 | D:9      | Found an opulent altar of Gozag.
 13693 | D:9      | Became a worshipper of Gozag Ym Sagoz the Greedy
 13987 | D:9      | HP: 1/68 [electric eel/bolt of electricity (9)]
 13987 | D:9      | Killed from afar by an electric eel

Illustrated notes

Levels and vault maps discovered:
D:1:      giann_wishing_wells, layout_loops_ring
D:2:      layout_rooms, fountainhead, uniq_crazy_yiuf_cottage
D:3:      layout_basic, lemuel_coloured_pillars_altar, tso_metal_star
D:4:      layout_basic, old_standard_altar, minmay_temple_entry_offerings,
          first_ration
D:5:      layout_loops_ring, hangedman_abyss_or_decor_lesser_grid,
          lemuel_flamethrower_2, uniq_duvessa
D:6:      layout_basic, chequers_serial_rivers_micro_a
D:7:      layout_loops_ring, basic_altar
D:8:      layout_basic, grunt_temple_overflow_champion_of_chaos,
          chequers_temple_overflow_minitemple, cheibriados_altar_1,
          serial_shops, nicolae_shop_waterfront
D:9:      layout_basic, lemuel_doored_altar, kennysheep_little_box
Temple:   minmay_temple_curvy_loop

Skill      XL: |  1  2  3  4  5  6  7  8  9 |
---------------+----------------------------+-----
Spellcasting   | 3 4 5 6 7 |  7.1
Fighting       | 1 2 3 4 5 |  5.3
Earth Magic    | 3 4 5 6 7 |  7.1
Conjurations   | 1 2 3 5 6 |  6.0
Dodging        | |  1.5
Stealth        | |  1.5
Transmutations | |  0.7

Action                   |  1- 3 |  4- 6 |  7- 9 || total
-------------------------+-------+-------+-------++-------
Melee: Unarmed           |    15 |       |       ||    15
       Whip              |    44 |       |       ||    44
       Short sword       |    13 |       |       ||    13
       Dagger            |    12 |   176 |   211 ||   399
       Flail             |       |       |     7 ||     7
 Cast: Sandblast         |    24 |    60 |    67 ||   151
       Stone Arrow       |       |       |    56 ||    56
  Use: Scroll            |     3 |     4 |     7 ||    14
 Stab: Sleeping          |     6 |     6 |     9 ||    21
       Distracted        |       |       |     1 ||     1
Armor: Robe              |    25 |    17 |    28 ||    70
Dodge: Dodged            |    63 |   106 |   169 ||   338

Table legend:
 A = Non-vault XP
 B = Vault XP
 C = Vault XP percentage of total XP
 D = Non-vault monster count
 E = Vault monster count
 F = Vault count percentage of total count
                 A         B        C        D         E       F
            +---------+---------+-------+---------+---------+-------
      Total |    3972 |     315 |   7.3 |     194 |       4 |   2.0
            +---------+---------+-------+---------+---------+-------
        D:1 |      98 |       0 |   0.0 |      21 |       0 |   0.0
        D:2 |      84 |      39 |  31.7 |      26 |       1 |   3.7
        D:3 |     151 |       0 |   0.0 |      28 |       0 |   0.0
        D:4 |     314 |       0 |   0.0 |      29 |       0 |   0.0
        D:5 |     484 |     226 |  31.8 |      17 |       2 |  10.5
        D:6 |    1048 |       0 |   0.0 |      31 |       0 |   0.0
        D:7 |     813 |       0 |   0.0 |      15 |       0 |   0.0
        D:8 |     638 |      50 |   7.3 |      19 |       1 |   5.0
        D:9 |     342 |       0 |   0.0 |       8 |       0 |   0.0
            +---------+---------+-------+---------+---------+-------
